 Dungeon Crawl Stone Soup version 0.30-a0-121-gb27577e5d9 (webtiles) character file.

Game seed: 14233831738081722182

59079 LnG the Severer (level 14, -7/135 HPs)
             Began as a Hill Orc Fighter on Sept 13, 2022.
             Was the Champion of Uskayaw.
             Mangled by a fire giant
             ... wielding a +1 great sword of flaming
              (28 damage)
             ... on level 14 of the Dungeon on Sept 14, 2022.
             The game lasted 01:15:45 (29120 turns).

LnG the Severer (Hill Orc Fighter)                 Turns: 29120, Time: 01:15:45

Health: -7/135     AC: 16    Str: 24    XL:     14   Next: 93%
Magic:  0/14       EV: 12    Int:  8    God:    Uskayaw [******]
Gold:   1027       SH:  7    Dex: 10    Spells: 13/13 levels left

rFire   + . .      SeeInvis +    a - +4 war axe
rCold   x . .      Faith    .    n - +1 buckler of the Yeti {Rampage rElec Will+}
rNeg    . . .      Spirit   +    b - +0 scale mail
rPois   +          Reflect  .    J - +0 helmet {SInv}
rElec   +          Harm     .    t - +0 cloak
rCorr   .          Rampage  +    h - +0 pair of gloves
Will    ++...                    i - +0 pair of boots
Stlth   ++........               Q - amulet of guardian spirit
HPRegen 0.32/turn                C - ring of poison resistance
MPRegen 0.14/turn                q - ring of fire

@: no status effects
A: no striking features
a: Renounce Religion, Stomp, Line Pass, Grand Finale


You were on level 14 of the Dungeon.
You worshipped Uskayaw.
Uskayaw was noncommittal.
You visited 2 branches of the dungeon, and saw 16 of its levels.
You also visited: Sewer.

You collected 1147 gold pieces.
You spent 120 gold pieces at shops.

Inventory:

Hand Weapons
 a - a +4 war axe (weapon)
Missiles
 g - 19 boomerangs (quivered)
 o - 3 silver boomerangs
Armour
 b - a +0 scale mail (worn)
 h - a +0 pair of gloves (worn)
 i - a +0 pair of boots (worn)
 n - the +1 buckler of the Yeti (worn) {Rampage rElec Will+}
   (You found it on level 2 of the Dungeon)

   rElec:     It insulates you from electricity.
   Rampage:   It bestows one free step when moving towards enemies.
   Will:      It increases your willpower.
 t - a +0 cloak (worn)
 J - a +0 helmet of see invisible (worn)
Jewellery
 q - a ring of fire (right hand)
 C - a ring of poison resistance (left hand)
 F - a ring of resist corrosion
 M - a ring of positive energy
 N - a +4 ring of evasion
 Q - an amulet of guardian spirit (around neck)
Wands
 m - a wand of mindburst (5)
 u - a wand of iceblast (28)
 y - a wand of paralysis (24)
 D - a wand of light (10)
 K - a wand of flame (37)
 P - a wand of polymorph (4)
Scrolls
 e - a scroll of amnesia {unknown}
 j - 2 scrolls of torment
 l - 2 scrolls of vulnerability
 p - 3 scrolls of fog
 r - 5 scrolls of teleportation
 s - 2 scrolls of enchant armour {unknown}
 v - 3 scrolls of blinking
 E - 3 scrolls of magic mapping {unknown}
 G - a scroll of silence {unknown}
 H - 2 scrolls of immolation {unknown}
 I - 2 scrolls of poison {unknown}
Potions
 d - 2 potions of might
 f - 10 potions of curing
 k - 3 potions of lignification {unknown}
 w - 3 potions of invisibility {unknown}
 x - 4 potions of brilliance {unknown}
 z - 3 potions of magic {unknown}
 A - 2 potions of haste {unknown}
 B - 2 potions of resistance
 L - a potion of ambrosia {unknown}
 O - a potion of berserk rage {unknown}
Miscellaneous
 R - a phantom mirror


   Skills:
 + Level 15.0 Fighting
 + Level 19.7 Axes
 + Level 1.7 Throwing
 + Level 13.2 Armour
 + Level 6.1 Dodging
 + Level 9.0 Stealth
 + Level 10.3 Shields


You had 13 spell levels left.
You didn't know any spells.
Your spell library contained the following spells:

 Spells                   Type           Power      Damage    Failure   Level
 Apportation              Tloc           0%         N/A       71%         1
 Freeze                   Ice            0%         1d3       71%         1
 Magic Dart               Conj           0%         1d3       71%         1
 Necrotise                Necr           0%         1d4       71%         1
 Shock                    Conj/Air       0%         1d3       71%         1
 Summon Small Mammal      Summ           0%         N/A       71%         1
 Blink                    Tloc           0%         N/A       83%         2
 Ensorcelled Hibernation  Hex/Ice        0%         N/A       83%         2
 Passwall                 Tmut/Erth      0%         N/A       83%         2
 Searing Ray              Conj           0%         2d4       83%         2
 Frozen Ramparts          Ice            0%         1d1       97%         3
 Lesser Beckoning         Tloc           0%         N/A       97%         3
 Swiftness                Air            0%         N/A       97%         3
 Airstrike                Air            0%         2d(0-16)  100%        4
 Anguish                  Hex/Necr       0%         N/A       100%        4
 Fulminant Prism          Conj/Hex       0%         3d6       100%        4
 Hailstorm                Conj/Ice       0%         3d3       100%        4
 Ice Form                 Ice/Tmut       0%         N/A       100%        4
 Manifold Assault         Tloc           0%         N/A       100%        4
 Alistair's Intoxication  Tmut/Pois      0%         N/A       100%        5
 Borgnjor's Vile Clutch   Necr/Erth      0%         N/A       100%        5
 Freezing Cloud           Conj/Ice/Air   0%         6-21      100%        5
 Eringya's Noxious Bog    Tmut/Pois      0%         N/A       100%        6
 Simulacrum               Ice/Necr       0%         N/A       100%        6
 Enfeeble                 Hex            0%         N/A       100%        7
 Chain Lightning          Conj/Air       0%         N/A       100%        9
 Fire Storm               Conj/Fire      0%         5d1       100%        9
 Polar Vortex             Ice            0%         N/A       100%        9
 Shatter                  Erth           0%         3d5*      100%        9


Dungeon Overview and Level Annotations

Branches:
Dungeon (15/15)            Temple (1/1) D:5            Lair (0/5) D:8
    Orc (0/2) D:10         Vaults (0/5) D:13         Depths (0/4) D:15
  Sewer (visited)

Altars:
Ashenzari
Cheibriados
Dithmenos
Elyvilon
Fedhas
Gozag
Hepliaklqana
Kikubaaqudgha
Makhleb
Nemelex Xobeh
Okawaru
Qazlal
Ru
Sif Muna
Trog
Uskayaw
Vehumet
Wu Jian
Xom
Yredelemnul
Zin
The Shining One

Shops:
D:8 *

Annotations:
D:9 exclusion: orange crystal statue


Message History

The battlesphere dissipates.
You slash the fire giant!
The fire giant is moderately wounded.
You slash the ogre mage! You slash the tengu conjurer!
You feel sick.
You block the tengu conjurer's attack. x2
The tengu conjurer claws you but does no damage.
The fire giant hits you with a +1 great sword of flaming!
The fire giant burns you.
You slice the fire giant!!
The fire giant is heavily wounded.
You slash the tengu conjurer! You hit the ogre mage.
You feel sick. The ogre mage barely misses you.
The tengu conjurer hits you but does no damage.
The tengu conjurer misses you. You block the tengu conjurer's attack.
The fire giant barely misses you.
You slash the fire giant!
The fire giant is severely wounded.
You barely miss the tengu conjurer. You barely miss the ogre mage.
You feel sick. The tengu conjurer misses you.
You block the tengu conjurer's attack.
The tengu conjurer completely misses you.
Unknown command.
You slice the fire giant!!
The fire giant is almost dead.
You barely miss the tengu conjurer. You hit the ogre mage but do no damage.
The fire giant casts a spell at you. The bolt of fire hits you! You resist.
The ogre mage points at you and mumbles some strange words.
The bolt of magma hits you! You partially resist.
* * * LOW HITPOINT WARNING * * *
You barely miss the fire giant.
The fire giant is almost dead.
You completely miss the ogre mage. You closely miss the tengu conjurer.
You feel sick.
You are no longer poisoned.
The tengu conjurer gestures at you while chanting.
The bolt of lightning hits you. You resist.
* * * LOW HITPOINT WARNING * * *
The fire giant hits you with a +1 great sword of flaming!!
You die...

##...##...##............#
#.....##.##.............#
..))[..#.#..............#
...(...#.#...#####......#
.......#.#...# #......#
#.....##.##..# #......#
##...##[[.##.# #......#
.#####.....#.#####......#
...........#...Q@.......#####
.##'##.[...#...OC...........#
##...##...##......##'##.....#
#.....#####.......#...#.#####
..................#...#.#
................).#...#.#
#####.............#####.#
....#.......#####.......#
....#.......#...#.......#


You could see a fire giant, an ogre mage and a tengu conjurer.

Vanquished Creatures
  A hydra (D:15)
  4 vault guards (D:13)
  2 ogre magi (D:15)
  12 centaur warriors
  4 boulder beetles
  7 two-headed ogres
  A death yak (D:7)
  4 tengu warriors (D:14)
  6 skeletal warriors
  2 wizards (D:14)
  An orc knight (D:15)
  Pikel (D:5)
  7 ugly things
  7 deep elf pyromancers
  7 cyclopes
  5 manticores
  An efreet (D:14)
  An unseen horror (D:13)
  A kobold demonologist (D:11)
  2 tengu conjurers
  A yaktaur (D:15)
  A slime creature (shapeshifter) (D:15)
  4 trolls
  18 slime creatures
  3 shadows
  A centaur simulacrum (D:15)
  Sigmund (D:3)
  A wyvern (D:9)
  A wraith (D:11)
  A basilisk (shapeshifter) (D:14)
  A basilisk (D:12)
  2 steam dragons
  15 yaks
  A redback (shapeshifter) (D:13)
  4 vampire mosquitoes (D:13)
  Edmund (D:6)
  6 acid dragons
  Duvessa (D:5)
  An ice beast (D:6)
  A water moccasin (D:5)
  A meliai simulacrum (D:15)
  10 orc warriors
  2 black bears
  4 ogres
  19 centaurs
  A lemure (D:4)
  6 kobold brigands
  A bullfrog (D:8)
  4 necrophages
  5 scorpions
  5 gnoll sergeants
  5 wights (D:9)
  Dowan (D:5)
  5 killer bees
  8 howler monkeys
  4 hounds
  4 jellies
  5 orc priests
  2 gnoll boudas
  Crazy Yiuf (D:3)
  6 iguanas
  13 orc wizards
  3 hell rats (D:7)
  Robin (D:3)
  17 gnolls
  12 adders
  A river rat (Sewer)
  3 shadow imps
  2 ufetubi
  A worm (D:2)
  5 dart slugs
  58 orcs
  17 endoplasms
  11 giant cockroaches
  15 goblins
  11 hobgoblins
  5 jackals
  23 kobolds
  6 quokkas
  9 ball pythons
  6 bats
  8 frilled lizards
  8 rats
475 creatures vanquished.

Vanquished Creatures (collateral kills)
  A rakshasa (D:14)
  An ogre mage (D:15)
  3 hydras
  2 two-headed ogres (D:15)
  A deep elf pyromancer (D:15)
  A cyclops (D:15)
  A troll (D:14)
  An orc wizard (D:14)
  3 orcs (D:14)
14 creatures vanquished.

Vanquished Creatures (others)
  A howler monkey (D:14)
1 creature vanquished.

Grand Total: 490 creatures vanquished

Notes
Turn   | Place    | Note
-------+----------+-------------------------------------------
     0 | D:1      | LnG the Hill Orc Fighter began the quest for the Orb.
     0 | D:1      | Reached XP level 1. HP: 19/19 MP: 1/1
    57 | D:1      | Found a faded altar of an unknown god.
   154 | D:1      | Reached XP level 2. HP: 27/27 MP: 2/2
   562 | D:1      | Reached XP level 3. HP: 33/33 MP: 3/3
   644 | D:1      | Reached skill level 3 in Axes
  1166 | D:2      | Found a shimmering altar of Xom.
  1175 | D:2      | Identified the +1 buckler of the Yeti {Rampage rElec Will+}
  1963 | D:2      | Reached XP level 4. HP: 16/40 MP: 4/4
  2265 | D:3      | Noticed Robin
  2274 | D:2      | Reached skill level 4 in Axes
  2296 | D:3      | Killed Robin
  2583 | D:3      | Reached XP level 5. HP: 46/47 MP: 5/5
  2721 | D:3      | Identified a scroll of acquirement
  2722 | D:3      | Acquired a manual of Axes
  2794 | D:2      | Reached skill level 5 in Axes
  2993 | D:3      | Reached skill level 1 in Stealth
  3430 | D:3      | Upgraded the game from 0.30-a0-118-ga018f8e90f to
                  | 0.30-a0-121-gb27577e5d9
  4146 | D:3      | Found a shimmering altar of Xom.
  4203 | D:3      | Found a runed translucent door.
  4204 | D:3      | Noticed Crazy Yiuf
  4289 | D:3      | Noticed Sigmund
  4303 | D:3      | Killed Sigmund
  4304 | D:3      | Reached skill level 6 in Axes
  4304 | D:3      | Reached skill level 5 in Armour
  4304 | D:3      | Reached XP level 6. HP: 31/53 MP: 6/6
  4677 | D:3      | Killed Crazy Yiuf
  4678 | D:3      | Reached skill level 1 in Dodging
  4824 | D:4      | Noticed a black bear
  4861 | D:4      | Killed a black bear
  4862 | D:4      | Reached skill level 7 in Axes
  4862 | D:4      | Reached XP level 7. HP: 54/60 MP: 7/7
  5063 | D:4      | Reached skill level 5 in Fighting
  5218 | D:4      | Found a shimmering blue altar of Sif Muna.
  5228 | D:4      | Reached skill level 8 in Axes
  5712 | D:5      | Entered Level 5 of the Dungeon
  5786 | D:5      | Noticed Duvessa
  5787 | D:5      | Noticed Dowan
  5801 | D:5      | Killed Duvessa
  5804 | D:5      | Killed Dowan
  5836 | D:5      | Reached skill level 9 in Axes
  5852 | D:5      | Reached XP level 8. HP: 46/68 MP: 8/8
  5975 | D:5      | Reached skill level 10 in Axes
  6322 | D:5      | Found a glowing drain.
  6333 | Sewer    | Entered a sewer
  6490 | Sewer    | Found a viscous altar of Jiyva.
  7021 | D:5      | Found a staircase to the Ecumenical Temple.
  7034 | D:5      | Reached skill level 11 in Axes
  7053 | Temple   | Entered the Ecumenical Temple
  7878 | D:5      | Reached skill level 12 in Axes
  7930 | D:5      | Reached skill level 5 in Shields
  7950 | D:5      | Reached XP level 9. HP: 67/75 MP: 9/9
  8207 | D:5      | Reached skill level 13 in Axes
  8497 | D:5      | Noticed Pikel
  8509 | D:5      | Killed Pikel
  9027 | D:6      | Reached skill level 14 in Axes
  9071 | D:6      | Noticed Edmund
  9081 | D:6      | Killed Edmund
  9653 | D:6      | Found a shadowy altar of Dithmenos.
 10178 | D:6      | Reached XP level 10. HP: 61/88 MP: 10/10
 10616 | D:7      | Reached skill level 15 in Axes
 10911 | D:7      | Found a stormy altar of Qazlal.
 11335 | D:8      | Noticed a death yak
 11816 | D:8      | Noticed a death yak
 11816 | D:8      | Noticed a death yak
 11861 | D:7      | Killed a death yak
 11862 | D:7      | Reached skill level 16 in Axes
 12209 | D:8      | Found Ringufef's Retail Resort.
 12227 | D:8      | Bought a potion of resistance for 120 gold pieces
 12366 | D:8      | Found an ornate altar of the Wu Jian Council.
 12397 | D:8      | Found a staircase to the Lair.
 12460 | D:8      | Identified the +1 troll leather armour "Taff" {Will++
                  | Regen+}
 12531 | D:8      | Found a hide-covered altar of Uskayaw.
 12532 | D:8      | You fall into a shaft and drop 3 floors!
 12544 | D:11     | Noticed a cyclops
 12606 | D:10     | Entered Level 10 of the Dungeon
 12922 | D:9      | Found a bloodstained altar of Trog.
 13170 | D:9      | Found a hazy altar of Hepliaklqana.
 13176 | D:9      | Reached XP level 11. HP: 93/97 MP: 11/11
 13432 | D:9      | Identified the +4 scale mail of the Impish God {Rampage rF-
                  | rC- rCorr}
 13524 | D:9      | Noticed an orange crystal statue
 13655 | D:8      | Became a worshipper of Uskayaw the Reveller
 14151 | D:10     | Noticed a two-headed ogre
 14186 | D:10     | Reached * piety under Uskayaw
 14188 | D:10     | Reached ** piety under Uskayaw
 14189 | D:10     | Reached *** piety under Uskayaw
 14190 | D:10     | Killed a two-headed ogre
 14214 | D:10     | Reached skill level 17 in Axes
 14410 | D:10     | Found a radiant altar of Vehumet.
 14423 | D:10     | Reached **** piety under Uskayaw
 14425 | D:10     | Reached skill level 10 in Fighting
 14428 | D:10     | Reached ***** piety under Uskayaw
 14598 | D:10     | Identified the +1 ring mail "Ula Eteg" {Str+2 Int+2}
 14673 | D:10     | Found a staircase to the Orcish Mines.
 14719 | D:10     | Reached ****** piety under Uskayaw
 15129 | D:10     | Found a broken altar of Ashenzari.
 15180 | D:10     | Noticed a centaur warrior
 15459 | D:10     | Killed a centaur warrior
 15843 | D:10     | Found a sparkling altar of Nemelex Xobeh.
 16057 | D:11     | Noticed a boulder beetle
 16066 | D:10     | Killed a cyclops
 16429 | D:11     | Reached skill level 10 in Armour
 16702 | D:11     | Noticed a manticore
 16710 | D:11     | Killed a manticore
 16924 | D:11     | Killed a boulder beetle
 16925 | D:11     | Reached XP level 12. HP: 96/110 MP: 12/12
 18172 | D:12     | Noticed a boulder beetle
 18184 | D:12     | Killed a boulder beetle
 18185 | D:12     | Reached skill level 5 in Stealth
 19203 | D:13     | Noticed a centaur warrior
 19212 | D:13     | Noticed a centaur warrior
 19270 | D:12     | Killed a centaur warrior
 19351 | D:13     | Noticed a centaur warrior
 19570 | D:12     | Killed a centaur warrior
 19713 | D:13     | Noticed a two-headed ogre
 19728 | D:13     | Killed a two-headed ogre
 19729 | D:13     | Reached skill level 18 in Axes
 19947 | D:13     | Reached skill level 5 in Dodging
 20029 | D:13     | Noticed a centaur warrior
 20029 | D:13     | Noticed a centaur warrior
 20029 | D:13     | Noticed a vault guard
 20029 | D:13     | Noticed a vault guard
 20033 | D:13     | Noticed a vault guard
 20221 | D:13     | Killed a vault guard
 20608 | D:13     | Killed a vault guard
 20848 | D:13     | Killed a centaur warrior
 20849 | D:13     | Reached XP level 13. HP: 84/119 MP: 9/13
 21578 | D:13     | Noticed a vault guard
 21656 | D:13     | Killed a vault guard
 21776 | D:13     | Killed a vault guard
 22770 | D:13     | Found a gate to the Vaults.
 23852 | D:14     | Noticed a rakshasa
 23858 | D:14     | Killed a rakshasa
 25657 | D:14     | HP: 4/123 [skeletal warrior/+0 hand axe (10)]
 26255 | D:14     | Reached XP level 14. HP: 88/130 MP: 9/14
 26262 | D:14     | Reached skill level 19 in Axes
 26430 | D:14     | Reached skill level 1 in Throwing
 27137 | D:15     | Entered Level 15 of the Dungeon
 27196 | D:15     | Paralysed by an ogre mage for 3 turns
 28138 | D:15     | Reached skill level 10 in Shields
 28540 | D:15     | Found a staircase to the Depths.
 28650 | D:15     | Found a burning altar of Makhleb.
 28650 | D:15     | Found a shimmering blue altar of Sif Muna.
 28651 | D:15     | Found a broken altar of Ashenzari.
 29105 | D:15     | Noticed a fire giant
 29107 | D:15     | Found the +7 Throatcutter {drain, coup de grace}
 29112 | D:15     | Reached skill level 15 in Fighting
 29120 | D:14     | Mangled by a fire giant

Illustrated notes

Levels and vault maps discovered:
D:1:      amcnicky_arrival_abandoned_market, layout_rooms,
          dreamdust_ecumenical_altar_grove, chequers_arboretum
D:2:      layout_loops_ring, basic_altar, minmay_crystal_water,
          chequers_serial_rivers_micro_b
D:3:      layout_basic, tgw_xom, chequers_serial_rivers_micro_d,
          grunt_ministairs_9, uniq_sigmund, uniq_crazy_yiuf_cottage, uniq_robin
D:4:      layout_layer_cave, general_overflow_altar, grunt_decor_one_mirror
D:5:      kennysheep_windowed_halls, layout_basic, minmay_temple_entry_wispy,
          portal_sewer_entry_b, mrwooster_statue_mirror, serial_park_tiny_pond,
          uniq_duvessa, uniq_pikel
D:6:      layout_rooms, nicolae_dithmenos_shadow_blocks, uniq_edmund
D:7:      layout_cave_pools, grunt_qazlal_sundering
D:8:      layout_rooms, kennysheep_little_box, pdpol_wu_jian_five_deadly_venoms,
          dpeg_lair_monsters, nicolae_alphabet_shops, water_boxes_lemuel
D:9:      layout_loops_ring, trog_three_pillars_becter, old_standard_altar,
          minivault_16
D:10:     layout_cross, nemelex_spade_bored_becter, vehumet_crystals,
          amcnicky_altar_gilded, kennysheep_orc_monster_closet_entryway,
          lightli_fourway_metalbox
D:11:     layout_layer_cave, gauntlet_entry_generic, minivault_25,
          minmay_quadrilaterals
D:12:     layout_loops_ring
D:13:     layout_irregular_city, lightli_vaults_fourway_checkpoint
D:14:     minmay_octagon_keep, layout_irregular_city, kennysheep_generic_room_3
D:15:     hangedman_slaughterboxes, serial_shops
Temple:   nicolae_temple_bog_church

Skill      XL: |  1  2  3  4  5  6  7  8  9 10 11 12 13 14 |
---------------+-------------------------------------------+-----
Fighting       | 4 5 6 7 9 11 12 13 15 | 15.0
Axes           | 3 4 6 7 9 12 14 16 17 18 19 | 19.7
Armour         | 5 6 7 8 9 10 11 12 13 | 13.2
Stealth        | 1 2 4 6 7 9 |  9.0
Shields        | 4 5 6 7 8 9 10 | 10.3
Dodging        | 1 2 3 4 5 6 |  6.1
Throwing       | 1 |  1.7

Action                   |  1- 3 |  4- 6 |  7- 9 | 10-12 | 13-15 || total
-------------------------+-------+-------+-------+-------+-------++-------
Melee: War axe           |   134 |   163 |   461 |   588 |   485 ||  1831
Throw: Boomerang         |     1 |     2 |     2 |       |    14 ||    19
  Use: Scroll            |     3 |     5 |     7 |     8 |     6 ||    29
       Potion            |     1 |     1 |       |     1 |     7 ||    10
 Stab: Paralysed         |       |       |       |    45 |    39 ||    84
       Distracted        |       |       |       |       |     1 ||     1
Armor: Scale mail        |    58 |    77 |   208 |   256 |   184 ||   783
Dodge: Dodged            |    51 |    59 |   189 |   251 |   181 ||   731
Block: Buckler           |    24 |    48 |   127 |   181 |   143 ||   523

Table legend: (Time is in decaauts)
 A = Elapsed time spent in this place.
 B = Non-inter-level travel time spent in this place.
 C = Inter-level travel time spent in this place.
 D = Time resting spent in this place.
 E = Time spent auto-exploring this place.
 F = Levels seen in this place.
 G = Mean time per level.
                   A        B        C        D        E       F      G
               +--------+--------+--------+--------+--------+-----+--------+
         Total |  29054 |  28066 |    988 |  13560 |   6970 |  17 | 1709.1 |
       Dungeon |  27996 |  27032 |    964 |  12997 |   6754 |  15 | 1866.4 |
        Temple |    736 |    712 |     24 |    519 |    177 |   1 |  736.0 |
         Sewer |    321 |    321 |      0 |     44 |     38 |   1 |  321.0 |
               +--------+--------+--------+--------+--------+-----+--------+

Top non-repeatable levels by time:
    D:14: 3512 daAuts
    D:13: 3114 daAuts
    D:12: 3064 daAuts
    D:10: 2099 daAuts
     D:2: 2077 daAuts
     D:5: 1880 daAuts
     D:3: 1730 daAuts
    D:11: 1726 daAuts
     D:4: 1479 daAuts
     D:9: 1479 daAuts
     D:7: 1436 daAuts
    D:15: 1337 daAuts
     D:6: 1330 daAuts
     D:1: 1047 daAuts
  Temple: 736 daAuts
